 Dungeon Crawl Stone Soup version 0.22-b1-21-g5cfc168 (webtiles) character file.

3519 Goblin1989 the Insei (level 9, -4/61 HPs)
             Began as a Demonspawn Transmuter on Aug 5, 2018.
             Was a Believer of Hepliaklqana.
             Slain by Harold
             ... wielding a +2 battleaxe of chopping
              (12 damage)
             ... on level 8 of the Dungeon.
             The game lasted 00:38:05 (11428 turns).

Goblin1989 the Insei (Demonspawn Transmuter)       Turns: 11428, Time: 00:38:06

Health: -4/61      AC:  2    Str: 11    XL:     9   Next: 81%
Magic:  11/13      EV: 26    Int: 18    God:    Hepliaklqana [**....]
Gold:   304        SH:  0    Dex: 18    Spells: 3/14 levels left

rFire    + . .     SeeInvis .     - Unarmed
rCold    + . .     Gourm    .   (shield currently unavailable)
rNeg     . . .     Faith    .   (armour currently unavailable)
rPois    x         Spirit   .   (helmet currently unavailable)
rElec    .         Reflect  .   (cloak currently unavailable)
rCorr    .         Harm     .   (gloves currently unavailable)
MR       .....                  (boots currently unavailable)
Stlth    ++........             r - amulet of regeneration
HPRegen  0.60/turn              f - ring of protection from fire
MPRegen  0.13/turn              c - ring of protection from cold

@: spider-form (expiring), marked
A: tiny, reduced essence, repulsion field 1, demonic guardian 1
a: End Transformation, Recall Ancestor, Ancestor Identity, Renounce Religion


You were on level 8 of the Dungeon.
You worshipped Hepliaklqana.
Hepliaklqana was pleased with you.
You were not hungry.
You were a venomous arachnid creature.
You visited 1 branch of the dungeon, and saw 8 of its levels.

You collected 424 gold pieces.
You spent 120 gold pieces at shops.

Inventory:

Hand Weapons
 b - a +0 hunting sling
 y - a +6 short sword of draining
 z - a +3 dire flail of crushing
Missiles
 a - 85 arrows
 n - 101 poisoned needles
 o - 356 stones (quivered) {@Q3}
 E - 19 bolts
 Z - 3 throwing nets {!d , @Q1}
Armour
 t - a +2 robe of magic resistance (melded)
 A - a cursed -1 ring mail
 M - a +2 leather armour of positive energy
 Q - a +0 cloak (melded)
 Y - a +0 robe
Jewellery
 c - a ring of protection from cold (right front leg)
 f - a ring of protection from fire (left front leg)
 r - an amulet of regeneration (around neck)
Wands
 u - a wand of polymorph (9)
 G - a wand of random effects (58)
 K - a wand of iceblast (15) {@v4}
Scrolls
 l - 3 scrolls of enchant armour {unknown}
 w - a scroll of magic mapping {unknown}
 B - a scroll of blinking
 F - 3 scrolls of fear
 R - 5 scrolls of amnesia {unknown}
 S - 3 scrolls of enchant weapon {unknown}
 T - 12 scrolls of teleportation {!r, @r2}
 W - 2 scrolls of fog {unknown}
 X - a scroll of remove curse {unknown}
Potions
 g - 2 potions of agility
 j - 2 potions of flight {unknown}
 m - 2 potions of heal wounds
 s - 2 potions of brilliance
 v - 2 potions of invisibility {unknown}
 x - 2 potions of ambrosia {unknown}
 C - 2 potions of haste {@q3,}
 I - a potion of resistance {unknown}
 L - 5 potions of curing {@q1}
 O - 2 potions of magic
 P - a potion of berserk rage {unknown}
 V - 4 potions of lignification
Comestibles
 e - 8 rations
 U - 6 chunks of flesh


   Skills:
 + Level 5.4 Fighting
 + Level 3.6 Armour
 + Level 5.2 Dodging
 * Level 7.6 Unarmed Combat
 - Level 3.0 Spellcasting
 + Level 7.0 Transmutations


You had 3 spell levels left.
You knew the following spells:

 Your Spells              Type           Power        Failure   Level  Hunger
a - Beastly Appendage     Tmut           ####..       4%          1    None
b - Sticks to Snakes      Tmut           ####....     6%          2    ##.....
c - Blade Hands           Tmut           ####......   47%         5    ######.
Y - Spider Form           Tmut/Pois      ###.......   28%         3    ###....

Your spell library contained the following spells:

 Spells                   Type           Power        Failure   Level  Hunger
 Magic Dart               Conj           #...         34%         1    None
 Iskenderun's Mystic Bla  Conj           #.......     95%         4    ####...
 Ice Form                 Ice/Tmut       ###.....     58%         4    ####...
 Fulminant Prism          Conj/Hex       #.........   95%         4    ####...
 Dazzling Spray           Conj/Hex       #.....       65%         3    ###....
 Force Lance              Conj/Tloc      #.......     95%         4    ####...
 Searing Ray              Conj           #.....       45%         2    ##.....


Dungeon Overview and Level Annotations

Branches:
Dungeon (8/15)             Temple (0/1) D:7
   Lair: D:8-11

Altars:
Ashenzari
Elyvilon
Fedhas
Hepliaklqana
Makhleb
Okawaru
Vehumet
Yredelemnul

Shops:
D:4 !   D:5 [

Annotations:
D:3 1 runed door
D:5 1 runed door
D:8 Harold


Innate Abilities, Weirdness & Mutations

((You have a pair of antennae on your head.))
You are surrounded by a mild repulsion field. (EV +2)
((Your flesh is cold resistant. (rC+)))
A weak demonic guardian rushes to your aid.
Your life essence is reduced to manifest your ancestor. (-10% HP)


Message History

No target in view!
No target in view!
No target in view!
Unknown command.
Your transformation has ended.
Your +0 cloak unmelds from your body.
Your +2 robe of magic resistance unmelds from your body.
You feel resistant to hostile enchantments.
Your iron imp disappears in a puff of smoke!
You butcher the orc corpse.
U - 2 chunks of flesh
Items here: ))) [[ ÷ x2
Health restored: 61; MP restored: 13 You butcher the orc corpse.
U - 6 chunks of flesh (gained 4)
You swap places.
Items here: ))) [[ ÷
There is an open door here.
You open the door.
You sense a monster nearby.
There is an open door here.
Harold shouts!
Harold is too close now for your liking.
Casting: Spider Form (safe; 12% risk of failure)
Confirm with . or Enter, or press ? or * to list all spells.
You turn into a venomous arachnid creature.
Your +0 cloak melds into your body.
Your +2 robe of magic resistance melds into your body.
You feel less resistant to hostile enchantments.
You now have 10/13 mp.
Harold misses you.
Harold hits Eadburga with a battleaxe of chopping!
You bite Harold!
Harold is poisoned.
Harold is lightly wounded.
Eadburga closely misses Harold.
A quokka zombie comes into view.
Your quasit bites Harold but does no damage.
Your quasit barely misses Harold.
Your quasit claws Harold.
You bite Harold!
Harold looks as sick as possible!
Harold is moderately wounded.
Harold hits you with a battleaxe of chopping!!
* * * LOW HITPOINT WARNING * * *
Harold hits your quasit with a battleaxe of chopping!
Harold barely misses Eadburga.
Eadburga casts a spell at Harold.
The puff of frost hits Harold.
Your quasit misses Harold.
Your quasit claws Harold but does no damage. x2
You take 37 damage, and have 24/61 hp.
MASSIVE DAMAGE!!
You are too injured to fight recklessly!
Unknown command.
You are too injured to fight recklessly!
Unknown command.
You are too injured to fight recklessly!
Unknown command.
You are too injured to fight recklessly!
Your quasit bites Harold but does no damage.
Your quasit closely misses Harold.
Your quasit claws Harold.
Eadburga casts a spell at Harold.
The puff of frost hits Harold.
You hit Harold.
Harold looks as sick as possible!
Harold is heavily wounded.
Your quasit bites Harold but does no damage.
Your quasit claws Harold but does no damage.
Your quasit barely misses Harold.
Harold points at you and mumbles some strange words.
A sentinel's mark forms upon you.
Eadburga points at Harold and mumbles some strange words.
The puff of frost hits Harold.
You hit Harold but do no damage.
Harold looks as sick as possible!
Harold is heavily wounded.
Your quasit bites Harold but does no damage.
Your quasit claws Harold but does no damage.
Your quasit barely misses Harold.
Harold hits your quasit with a battleaxe of chopping!
Your quasit dies!
Harold hits Eadburga with a battleaxe of chopping!
Harold hits you with a battleaxe of chopping!
* * * LOW HITPOINT WARNING * * *
x2 Eadburga hits the quokka zombie with a quarterstaff!
The quokka zombie is destroyed!
Harold shouts!
You take 10 damage, and have 15/61 hp.
Eadburga gestures at Harold while chanting.
The stone arrow hits Harold.
Your ufetubus barely misses Harold.
Your ufetubus completely misses Harold.
Harold hits Eadburga with a battleaxe of chopping!!
Eadburga is destroyed!
Harold hits your ufetubus with a battleaxe of chopping!!
Your ufetubus dies!
Harold shouts!
Your transformation is almost over.
Harold gestures at you while chanting. The harpoon shot hits you!
* * * LOW HITPOINT WARNING * * *
You are yanked forward by the harpoon shot.
You take 11 damage, and have 7/61 hp.
You hit Harold.
Harold looks as sick as possible!
Harold is almost dead.
Harold hits you with a battleaxe of chopping!
You die...

......████.████.....█..........█
......██.....██.....█..........█
......█.......█.....█..........█
█████.█.......█.....█.....██...█
..███.....⌂.........█.....██...█
......█.......█.....█.....██...█
......█.......█.....█.....██...█
......██.....██.....█..........█
......████.████.s...█..........█
.████...........@...█..........█
.█.............█∆████..........█
.█.............█...............█
.█...<.........█..........██...█
.█............{█..........██...█
.█........... {█..........█....█
.█........... █...██████∆██...█
.█........... █∆████.....██...█


You could see Harold.

Vanquished Creatures
  5 yaks
  2 vampire mosquitoes (D:8)
  Duvessa (D:5)
  2 orc warriors
  2 ogres
  A centaur (D:5)
  Blork the orc (D:6)
  2 bullfrogs
  Dowan (D:5)
  A scorpion (D:6)
  A crimson imp (D:6)
  2 hounds
  A gnoll shaman (D:7)
  4 orc priests
  Jessica (D:2)
  2 iguanas
  10 worker ants
  3 orc wizards (D:6)
  A hound skeleton (D:8)
  7 gnolls
  3 adders
  3 shadow imps
  4 oozes
  An adder skeleton (D:5)
  4 worms
  A dart slug (D:1)
  3 leopard geckos
  17 orcs
  6 bats
  2 giant cockroaches
  6 goblins
  9 hobgoblins
  10 jackals
  3 quokkas
  5 frilled lizards
  2 jackal skeletons
  7 kobolds
  A kobold skeleton (D:3)
  A leopard gecko zombie (D:5)
  A quokka skeleton (D:4)
  A quokka zombie (D:7)
  7 rats
147 creatures vanquished.

Vanquished Creatures (collateral kills)
  Prince Ribbit (D:5)
  A yak (D:8)
  Edmund (D:5)
  3 phantoms
  A wyvern skeleton (D:6)
  A hound (D:6)
  A bullfrog zombie (D:6)
  A bullfrog skeleton (D:4)
  2 orc wizards
  An iguana (D:8)
  A killer bee zombie (D:7)
  A leopard gecko (D:8)
  4 orcs
  A quokka zombie (D:8)
20 creatures vanquished.

Vanquished Creatures (others)
  A battlemage (D:8)
  3 ancestors
4 creatures vanquished.

Grand Total: 171 creatures vanquished

Notes
Turn   | Place    | Note
-------+----------+-------------------------------------------
     0 | D:1      | Goblin1989 the Demonspawn Transmuter began the quest for the Orb.
     0 | D:1      | Reached XP level 1. HP: 15/15 MP: 3/3
   651 | D:1      | Gained mutation: You are surrounded by a mild repulsion field. (EV +2) [demonic ancestry]
   651 | D:1      | Reached XP level 2. HP: 11/21 MP: 3/5
  1786 | D:2      | Gained mutation: A weak demonic guardian rushes to your aid. [demonic ancestry]
  1786 | D:2      | Reached XP level 3. HP: 26/26 MP: 4/6
  1794 | D:2      | Learned a level 2 spell: Sticks to Snakes
  1798 | D:2      | Learned a level 3 spell: Spider Form
  1861 | D:2      | Found a white marble altar of Elyvilon.
  2294 | D:2      | Reached XP level 4. HP: 24/32 MP: 4/7
  2561 | D:2      | Noticed Jessica
  2565 | D:2      | Killed Jessica
  3260 | D:3      | Found a runed door.
  3260 | D:3      | Noticed a human
  3307 | D:3      | Found a basalt altar of Yredelemnul.
  4313 | D:4      | Found Gazoas's Distillery.
  4317 | D:4      | Bought a potion of curing for 36 gold pieces
  4317 | D:4      | Bought a potion of lignification for 36 gold pieces
  4317 | D:4      | Bought a potion of agility for 48 gold pieces
  4341 | D:4      | Reached XP level 5. HP: 37/37 MP: 4/8
  4469 | D:4      | Reached skill level 5 in Transmutations
  4666 | D:4      | Noticed a phantom
  4691 | D:4      | Killed a phantom
  4691 | D:4      | Gained mutation: You have a pair of small antennae on your head. [demonic ancestry]
  4691 | D:4      | Reached XP level 6. HP: 34/43 MP: 4/9
  5506 | D:4      | Found a blossoming altar of Fedhas.
  5776 | D:5      | Entered Level 5 of the Dungeon
  5776 | D:5      | Found Xeirgh's Antique Armour Emporium.
  5941 | D:5      | Noticed Prince Ribbit
  5954 | D:5      | Reached XP level 7. HP: 47/50 MP: 7/10
  5962 | D:5      | Killed Prince Ribbit
  6198 | D:5      | Found a hazy altar of Hepliaklqana.
  6209 | D:5      | Became a worshipper of Hepliaklqana the Forgotten
  6225 | D:5      | Noticed Duvessa
  6227 | D:5      | Noticed Dowan
  6243 | D:5      | Killed Duvessa
  6495 | D:5      | Killed Dowan
  6694 | D:5      | Noticed Edmund
  6704 | D:5      | Killed Edmund
  6704 | D:5      | Reached skill level 5 in Unarmed Combat
  6812 | D:5      | Found an iron altar of Okawaru.
  7279 | D:5      | Found a runed door.
  7352 | D:6      | Gained mutation: Your flesh is cold resistant. (rC+) [demonic ancestry]
  7352 | D:6      | Reached XP level 8. HP: 43/52 MP: 2/11
  7731 | D:6      | Reached skill level 1 in Armour
  7793 | D:6      | Learned a level 5 spell: Blade Hands
  7905 | D:6      | Found an iron altar of Okawaru.
  7985 | D:6      | Found a basalt altar of Yredelemnul.
  8179 | D:6      | Found a burning altar of Makhleb.
  8381 | D:6      | Noticed Blork the orc
  8394 | D:6      | Killed Blork the orc
  8721 | D:6      | Found a shattered altar of Ashenzari.
  9417 | D:7      | Found a staircase to the Ecumenical Temple.
  9422 | D:7      | Reached * piety under Hepliaklqana
  9606 | D:7      | Gained mutation: You have a pair of antennae on your head. [demonic ancestry]
  9606 | D:7      | Reached XP level 9. HP: 50/59 MP: 9/13
 10475 | D:8      | Found an iron altar of Okawaru.
 10775 | D:8      | Reached skill level 5 in Fighting
 10918 | D:8      | Noticed Harold
 10973 | D:7      | Reached skill level 5 in Dodging
 11209 | D:8      | Found a radiant altar of Vehumet.
 11211 | D:8      | Reached ** piety under Hepliaklqana
 11212 | D:8      | Remembered your ancestor Eadburga as a battlemage
 11428 | D:8      | Slain by Harold

Skill      XL: |  1  2  3  4  5  6  7  8  9 |
---------------+----------------------------+-----
Transmutations | 2 3 4 5 6 7 |  7.0
Dodging        | 2 3 4 5 |  5.2
Unarmed Combat | 3 5 6 7 |  7.6
Fighting       | 2 3 4 5 |  5.4
Armour         | 2 3 |  3.6
Spellcasting   | 3 |  3.0

Action                   |  1- 3 |  4- 6 |  7- 9 || total
-------------------------+-------+-------+-------++-------
Melee: Unarmed           |   136 |   169 |   335 ||   640
       Kick              |     3 |       |     1 ||     4
       Punch             |     1 |       |       ||     1
       Headbutt          |     4 |       |       ||     4
 Cast: Beastly Appendage |     5 |       |     2 ||     7
       Spider Form       |     8 |    21 |    45 ||    74
Invok: Ancestor Life: Ba |       |       |     1 ||     1
  Use: Scroll            |       |       |     8 ||     8
 Stab: Sleeping          |     2 |       |       ||     2
       Distracted        |       |     1 |     3 ||     4
  Eat: Chunk             |     6 |     3 |    12 ||    21
       Ration            |       |     3 |     4 ||     7
Armor: Robe              |    15 |    18 |     7 ||    40
       Skin              |     1 |     1 |     5 ||     7
Dodge: Dodged            |   106 |   119 |   302 ||   527

Vault maps used:
D:1:      minmay_arrival_four_houses
D:2:      elyvilon_altar_5, first_ration, roderic_lattice_a,
          minmay_crystal_room, minmay_randomly_rotated_circles, uniq_jessica
D:3:      dk_yredelemnul_ordeal
D:4:      serial_shops, shop, fedhas_altar_1
D:5:      kennysheep_little_box, basic_altar, serial_shops, shop_fountains,
          uniq_crazy_yiuf_cottage, uniq_prince_ribbit1, uniq_duvessa,
          uniq_edmund
D:6:      grunt_temple_overflow_open, basic_altar, cheibrodos_ashenzari_chains,
          uniq_blork_the_orc
D:7:      minmay_temple_entry_mist
D:8:      old_standard_altar, basic_altar, uniq_harold
